 Dungeon Crawl Stone Soup version 0.23.1 (webtiles) character file.

Game seed: 9579220512954892912

291 Borgoz the Skirmisher (level 6, 0/51 (52) HPs)
             Began as a Ghoul Warper on Mar 8, 2019.
             Was an Initiate of Ashenzari.
             Slain by a giant cockroach (1 damage)
             ... on level 3 of the Dungeon.
             The game lasted 00:05:21 (3083 turns).

Borgoz the Skirmisher (Ghoul Warper)                Turns: 3083, Time: 00:05:22

HP:   0/51 (52)     AC:  5    Str: 15    XL:     6   Next: 32%
MP:   7/7           EV: 11    Int:  8    God:    Ashenzari [......]
Gold: 138           SH:  0    Dex: 10    Spells: 6/8 levels left

rFire    + . .     SeeInvis .     - Unarmed
rCold    + . .     Gourm    .   (no shield)
rNeg     + + +     Faith    .   k - +0 ring mail
rPois    ∞         Spirit   .   (no helmet)
rElec    .         Reflect  .   (no cloak)
rCorr    .         Harm     .   (no gloves)
MR       .....                  (no boots)
Stlth    ..........             (no amulet)
HPRegen  0.00/turn              h - ring of attention (curse)
MPRegen  0.10/turn              s - ring of protection from fire

@: rotting
A: rotting body, claws 1, carnivore, cold resistance 1, negative energy
resistance 3, inhibited regeneration, torment resistance, unbreathing
a: Curse Item, Renounce Religion


You were on level 3 of the Dungeon.
You worshipped Ashenzari.
Ashenzari was noncommittal.
You were not hungry.

You visited 1 branch of the dungeon, and saw 4 of its levels.

You collected 138 gold pieces.

Inventory:

Hand Weapons
 b - a +0 blowgun
 l - a +0 short sword
Missiles
 d - 5 tomahawks of dispersal (quivered)
 u - 44 poisoned needles
Armour
 k - a +0 ring mail (worn)
 n - a +0 plate armour
Jewellery
 h - a cursed ring of attention (left claw)
 s - a ring of protection from fire (right claw)
 x - an uncursed ring of protection from magic
 y - an uncursed ring of stealth
Scrolls
 a - a scroll of noise {unknown}
 c - a scroll of blinking
 e - 5 scrolls of identify {unknown}
 i - a scroll of enchant armour {unknown}
 m - a scroll of fear {unknown}
 o - 5 scrolls of teleportation {unknown}
 p - a scroll of remove curse
 t - a scroll of amnesia {unknown}
Potions
 j - a potion of brilliance
Comestibles
 f - 6 rations


   Skills:
 + Level 3.9 Fighting
 * Level 2.9 Short Blades
 - Level 0.8 Throwing
 + Level 2.5 Armour
 + Level 3.1 Dodging
 - Level 2.1 Unarmed Combat
 - Level 1.7 Spellcasting
 - Level 2.6 Translocations


You had 6 spell levels left.
You knew the following spells:

 Your Spells              Type           Power        Failure   Level  Hunger
a - Blink                 Tloc           N/A          34%         2    ###....

Your spell library contained the following spells:

 Spells                   Type           Power        Failure   Level  Hunger
 Shroud of Golubria       Chrm/Tloc      #.........   52%         2    ###....
 Gell's Gravitas          Tloc           #.........   56%         3    ####...
 Lesser Beckoning         Tloc           #.........   56%         3    ####...
 Teleport Other           Tloc           #.......     56%         3    ####...
 Passage of Golubria      Tloc           N/A          93%         4    #####..


Dungeon Overview and Level Annotations

Branches:
Dungeon (4/15)
 Temple: D:4-7

Altars:
Ashenzari
Cheibriados
Dithmenos
Elyvilon
Makhleb
Sif Muna


Innate Abilities, Weirdness & Mutations

Your body is rotting away.
You thrive on raw meat.
You are immune to poison.
You have sharp fingernails.
You are carnivorous and can eat meat at any time.
Your flesh is cold resistant. (rC+)
You are immune to negative energy. (rN+++)
You do not regenerate when monsters are visible.
You are immune to unholy pain and torment.
You can survive without breathing.


Message History

There is a stone staircase leading down here.
You barely miss the giant cockroach.
The giant cockroach bites you but does no damage.
You barely miss the giant cockroach. The giant cockroach closely misses you.
You closely miss the giant cockroach.
The giant cockroach bites you but does no damage.
Your ring mail prevents you from hitting the giant cockroach.
The giant cockroach bites you but does no damage.
You scratch the giant cockroach but do no damage.
The giant cockroach bites you but does no damage.
You scratch the giant cockroach but do no damage.
You feel your flesh rotting away. The giant cockroach bites you.
* * * LOW HITPOINT WARNING * * *
You scratch the giant cockroach but do no damage.
The giant cockroach closely misses you. The giant cockroach bites you.
* * * LOW HITPOINT WARNING * * *
You scratch the giant cockroach but do no damage.
The giant cockroach bites you.
You die...

##############.# #.#
#.# #.## #..# ###.##
#..(.#
#############.##)##
...........^....@.#
################s.#
### #..# #.# ###..##
#.# #.....#
#########.# ####...#
.##.......# #......##
.##.##.##.# #.##....#
.##.##.##.###.......##


You could see a giant cockroach.

Vanquished Creatures
  An orc priest (D:3)
  An orc wizard (D:3)
  A worker ant (D:4)
  5 adders
  7 gnolls (D:4)
  A worm (D:3)
  2 dart slugs
  3 leopard geckos
  13 orcs
  2 giant cockroaches
  9 goblins
  7 hobgoblins
  3 jackals (D:1)
  6 kobolds
  2 quokkas (D:3)
  2 ball pythons (D:3)
  7 bats
  3 frilled lizards
  A quokka skeleton (D:4)
  5 rats
81 creatures vanquished.

Notes
Turn   | Place    | Note
-------+----------+-------------------------------------------
     0 | D:1      | Borgoz the Ghoul Warper began the quest for the Orb.
     0 | D:1      | Reached XP level 1. HP: 17/17 MP: 2/2
    44 | D:1      | Reached skill level 1 in Armour
   248 | D:1      | Reached XP level 2. HP: 14/25 MP: 3/3
   259 | D:1      | Learned a level 2 spell: Blink
   961 | D:1      | Reached XP level 3. HP: 26/30 MP: 4/4
  1439 | D:2      | Reached skill level 1 in Short Blades
  1439 | D:2      | Reached XP level 4. HP: 18/38 MP: 5/5
  1667 | D:2      | Found a faded altar of an unknown god.
  2196 | D:3      | Reached XP level 5. HP: 24/45 MP: 6/6
  2218 | D:3      | Found a deep blue altar of Sif Muna.
  2314 | D:3      | Found a snail-covered altar of Cheibriados.
  2314 | D:3      | Found a burning altar of Makhleb.
  2314 | D:3      | Found a white marble altar of Elyvilon.
  2316 | D:3      | Found a shattered altar of Ashenzari.
  2316 | D:3      | Found a shadowy altar of Dithmenos.
  2342 | D:3      | HP: 2/45 [orc priest/divine providence (12)]
  2348 | D:3      | HP: 2/45 [orc priest/divine providence (13)]
  2353 | D:3      | HP: 1/45 [orc priest (1)]
  2386 | D:3      | Became a worshipper of Ashenzari the Shackled
  2875 | D:4      | Reached XP level 6. HP: 50/52 MP: 7/7
  3081 | D:3      | HP: 2/51 [giant cockroach (1)]
  3083 | D:3      | Slain by a giant cockroach

Skill      XL: |  1  2  3  4  5 |
---------------+----------------+-----
Armour         | 1 2 |  2.5
Dodging        | 2 3 |  3.1
Fighting       | 3 |  3.9
Short Blades   | 1 2 |  2.9
Throwing       | |  0.8
Unarmed Combat | |  2.1
Spellcasting   | |  1.7
Translocations | |  2.6

Action                   |  1- 3 |  4- 6 || total
-------------------------+-------+-------++-------
Melee: Unarmed           |   126 |   298 ||   424
       Punch             |       |     1 ||     1
  Use: Potion            |       |     8 ||     8
  Eat: Chunk             |    11 |    29 ||    40
Armor: Leather armour    |    23 |       ||    23
       Ring mail         |    15 |    92 ||   107
       Plate armour      |    15 |       ||    15
Dodge: Dodged            |    61 |   187 ||   248
